 Dungeon Crawl Stone Soup version 0.21-a0-496-g696f58f (webtiles) character file.

765 namelastname112 the Conjurer (level 7, -4/46 HPs)
             Began as a Demonspawn Conjurer on Nov 23, 2017.
             Slain by an ogre
             ... wielding a +0 giant club
              (24 damage)
             ... on level 5 of the Dungeon.
             The game lasted 00:06:13 (3382 turns).

namelastname112 the Conjurer (Demonspawn Conjurer)  Turns: 3382, Time: 00:06:13

Health: -4/46      AC:  5    Str:  8    XL:     7   Next: 51%
Magic:  11/15      EV: 12    Int: 18    God:
Gold:   150        SH:  0    Dex: 14    Spells: 10/17 levels left

rFire    . . .     SeeInvis .   o - +1 dagger (venom)
rCold    + . .     Gourm    .   (no shield)
rNeg     . . .     Faith    +   a - +0 robe
rPois    .         Spirit   .   n - +0 helmet
rElec    .         Reflect  .   (no cloak)
rCorr    .         Harm     .   e - +1 pair of gloves
MR       .....     Rnd*Tele +   (no boots)
Stlth    ++........             p - amulet of faith
HPRegen  0.55/turn              f - ring of teleportation (curse)
MPRegen  0.14/turn              (no ring)

@: no status effects
A: hooves 1, cold resistance 1, mutation resistance 1, regeneration 1, spiny 1,
freezing cloud immunity
a: no special abilities


You were on level 5 of the Dungeon.
You were not hungry.

You visited 1 branch of the dungeon, and saw 5 of its levels.

You collected 150 gold pieces.

Inventory:

Hand Weapons
 o - a +1 dagger of venom (weapon)
Armour
 a - a +0 robe (worn)
 e - a +1 pair of gloves (worn)
 n - a +0 helmet (worn)
Jewellery
 f - a cursed ring of teleportation (left hand)
 p - an amulet of faith (around neck)
Wands
 r - a wand of scattershot (8)
Scrolls
 g - 2 scrolls of identify
 i - 3 scrolls of enchant armour
 q - a scroll of teleportation
Potions
 d - a potion of invisibility {unknown}
 k - 3 potions of curing
 l - 2 potions of degeneration
Books
 b - a book of Conjurations

   Spells                             Type                      Level
   a - Magic Dart                     Conjuration                  1
   b - Searing Ray                    Conjuration                  2
   c - Dazzling Spray                 Conjuration/Hexes            3
   d - Fulminant Prism                Conjuration/Hexes            4
   e - Force Lance                    Conjuration/Translocation    4
   f - Iskenderun's Mystic Blast      Conjuration                  4
Comestibles
 c - 3 bread rations
 h - 4 chunks of flesh
 j - 4 fruits
 m - 3 meat rations
 t - a royal jelly


   Skills:
 - Level 1.7 Dodging
 - Level 1.7 Stealth
 + Level 5.7 Spellcasting
 + Level 7.2 Conjurations


You had 10 spell levels left.
You knew the following spells:

 Your Spells              Type           Power        Failure   Level  Hunger
c - Iskenderun's Mystic   Conj           ####....     6%          4    ####...
x - Searing Ray           Conj           ####..       1%          2    None
z - Magic Dart            Conj           ####         1%          1    None


Dungeon Overview and Level Annotations

Branches:
Dungeon (5/15)
 Temple: D:4-7

Altars:
Ashenzari
Cheibriados
Elyvilon
Fedhas
Makhleb
The Shining One


Innate Abilities, Weirdness & Mutations

Your flesh is cold resistant. (rC+)
You are partially covered in sharp spines.
You are immune to freezing clouds.
You have large cloven feet.
You are somewhat resistant to further mutation.
Your natural rate of healing is unusually fast.


Message History

An ogre comes into view. It is wielding a giant club.
The ogre shouts!
Casting: Magic Dart
Confirm with . or Enter, or press ? or * to list all spells.
Aiming: Searing Ray
Press: ? - help, Shift-Dir - straight line, f - ogre
Aim: an ogre, wielding a giant club The searing ray misses the ogre. (Press . to maintain the ray.)
You now have 13/15 mp.
The searing ray hits the ogre.
The ogre is lightly wounded.
The ogre hits you with a giant club!!
Ouch! That really hurt!
You take 26 damage, and have 20/46 hp.
MASSIVE DAMAGE!!
You now have 12/15 mp.
The searing ray hits the ogre.
The ogre is heavily wounded.
The ogre is struck by your spines. The ogre hits you with a giant club!!
Ouch! That really hurt!
You die...

....# ##.......... #...#
#...............#.. #...#
##................./ ##.##
#......<...........# ##.##
#.................#
#...####...............[.#
###.....................#
####..................#
#..........@O....#
#..............#.#
#...........#### .#
##..######### # #..# ####
#..# #..###..# #....#..#
.. #.......## #.#


You could see an ogre.

Vanquished Creatures
  Duvessa (D:4)
  A phantom (D:4)
  2 ogres
  Dowan (D:4)
  2 hounds
  Terence (D:3)
  4 worker ants
  2 howler monkey zombies (D:5)
  6 adders
  3 gnolls (D:3)
  A shadow imp (D:5)
  An ooze (D:2)
  An adder skeleton (D:5)
  3 leopard geckos
  2 orcs (D:5)
  5 giant cockroaches
  7 goblins
  6 hobgoblins
  7 kobolds
  5 bats
  A frilled lizard (D:3)
  7 rats
69 creatures vanquished.

Notes
Turn   | Place    | Note
-------+----------+-------------------------------------------
     0 | D:1      | namelastname112 the Demonspawn Conjurer began the quest for the Orb.
     0 | D:1      | Reached XP level 1. HP: 13/13 MP: 3/3
   241 | D:1      | Gained mutation: You are partially covered in sharp spines. [demonic ancestry]
   241 | D:1      | Reached XP level 2. HP: 19/19 MP: 1/5
   288 | D:1      | Learned a level 2 spell: Searing Ray
   716 | D:2      | Gained mutation: Your flesh is cold resistant. (rC+) [demonic ancestry]
   716 | D:2      | Reached XP level 3. HP: 24/24 MP: 2/7
  1106 | D:2      | You fall through a shaft!
  1151 | D:3      | Reached XP level 4. HP: 5/30 MP: 0/8
  1154 | D:3      | Gained mutation: Your natural rate of healing is unusually fast. [potion of mutation]
  1154 | D:3      | Gained mutation: Your body sometimes deteriorates upon taking damage. [potion of mutation]
  1154 | D:3      | Gained mutation: Your flesh is very cold resistant. (rC++) [potion of mutation]
  1154 | D:3      | HP: 1/30 [gnoll/spear (5)]
  1220 | D:3      | Reached skill level 5 in Conjurations
  1234 | D:3      | Lost mutation: Your body sometimes deteriorates upon taking damage. [potion of mutation]
  1234 | D:3      | Lost mutation: Your flesh is very cold resistant. (rC++) [potion of mutation]
  1234 | D:3      | Gained mutation: You are somewhat resistant to further mutation. [potion of mutation]
  1234 | D:3      | Gained mutation: You have large cloven feet. [potion of mutation]
  1311 | D:2      | Found a glowing golden altar of the Shining One.
  1789 | D:3      | Found a blossoming altar of Fedhas.
  1847 | D:3      | Noticed Terence
  1866 | D:3      | Killed Terence
  1949 | D:3      | Found a shattered altar of Ashenzari.
  2035 | D:3      | Found a burning altar of Makhleb.
  2040 | D:3      | Reached XP level 5. HP: 35/35 MP: 4/10
  2133 | D:3      | Learned a level 4 spell: Iskenderun's Mystic Blast
  2162 | D:4      | Noticed a phantom
  2205 | D:4      | Killed a phantom
  2245 | D:4      | Gained mutation: You are immune to freezing clouds. [demonic ancestry]
  2245 | D:4      | Reached XP level 6. HP: 5/41 MP: 1/12
  2335 | D:4      | Found a snail-covered altar of Cheibriados.
  2369 | D:4      | Reached skill level 6 in Conjurations
  2696 | D:4      | Found a white marble altar of Elyvilon.
  2833 | D:4      | Noticed Dowan
  2834 | D:4      | Noticed Duvessa
  2845 | D:4      | Killed Duvessa
  2845 | D:4      | Reached skill level 5 in Spellcasting
  2847 | D:4      | Killed Dowan
  2847 | D:4      | Reached XP level 7. HP: 37/46 MP: 0/14
  2974 | D:5      | Entered Level 5 of the Dungeon
  3080 | D:5      | Reached skill level 7 in Conjurations
  3382 | D:5      | Slain by an ogre

Vault maps used:
D:1:      dpeg_arrival_rooms_with_view
D:2:      tso_oasis_becter, first_bread
D:3:      overflow_temple_1_default, evilmike_ruin_ashenzari,
          makhleb_blood_cavern_becter, uniq_terence
D:4:      lemuel_crystal_altar, elyvilon_altar_5, hangedman_decor_riveting,
          uniq_duvessa
D:5:      grunt_temple_overflow_open, kennysheep_generic_room_10

Skill      XL: |  1  2  3  4  5  6  7 |
---------------+----------------------+-----
Spellcasting   | 3 4 5 |  5.7
Conjurations   | 5 6 7 |  7.2
Dodging        | |  1.7
Stealth        | |  1.7

Action                   |  1- 3 |  4- 6 |  7- 9 || total
-------------------------+-------+-------+-------++-------
Melee: Dagger            |     9 |    22 |    11 ||    42
       Kick              |       |     2 |     3 ||     5
Throw: Throwing net      |       |     1 |       ||     1
 Cast: Magic Dart        |    57 |    56 |    31 ||   144
       Searing Ray       |     2 |     6 |     3 ||    11
Evoke: Wand              |       |       |     1 ||     1
  Use: Potion            |     1 |     3 |       ||     4
       Scroll            |       |       |     6 ||     6
  Eat: Chunk             |     1 |     5 |     2 ||     8
Armor: Robe              |     4 |     9 |     7 ||    20
Dodge: Dodged            |    19 |    34 |    21 ||    74

Table legend:
 A = Spawn XP
 B = Non-spawn XP
 C = Spawn XP percentage of total XP
 D = Spawn monster count
 E = Non-spawn monster count
 F = Spawn count percentage of total count
 G = Total turns spent on level
                    A         B        C        D         E        F      G
               +---------+---------+-------+---------+---------+-------+---------
         Total |       0 |    1093 |   0.0 |       0 |      69 |   0.0 |  3382
               +---------+---------+-------+---------+---------+-------+---------
           D:1 |       0 |      27 |   0.0 |       0 |      15 |   0.0 |   711
           D:2 |       0 |      61 |   0.0 |       0 |      19 |   0.0 |   747
           D:3 |       0 |     149 |   0.0 |       0 |      15 |   0.0 |   703
           D:4 |       0 |     528 |   0.0 |       0 |       7 |   0.0 |   813
           D:5 |       0 |     328 |   0.0 |       0 |      13 |   0.0 |   408
               +---------+---------+-------+---------+---------+-------+---------
